 Dungeon Crawl Stone Soup version 0.22-a0-348-gd16d1391c7 (webtiles) character file.

334 Laan the Magician (level 6, -5/32 HPs)
             Began as a Deep Elf Wizard on Apr 7, 2018.
             Slain by Sassnad's ghost (8 damage)
             ... on level 4 of the Dungeon.
             The game lasted 00:03:31 (4077 turns).

Laan the Magician (Deep Elf Wizard)                 Turns: 4077, Time: 00:03:31

Health: -5/32      AC:  2    Str:  4    XL:     6   Next: 27%
Magic:  8/17       EV: 13    Int: 25    God:
Gold:   164        SH:  3    Dex: 13    Spells: 13/17 levels left

rFire    . . .     SeeInvis .   (no weapon)
rCold    . . .     Gourm    .   (no shield)
rNeg     . . .     Faith    .   a - +0 robe
rPois    .         Spirit   .   b - +0 hat
rElec    .         Reflect  +   (no cloak)
rCorr    .         Harm     .   (no gloves)
MR       .....                  (no boots)
Stlth    ++........             o - +3 amulet of reflection
HPRegen  0.10/turn              (no ring)
MPRegen  0.15/turn              (no ring)

@: no status effects
A: no striking features
a: no special abilities


You were on level 4 of the Dungeon.
You were not hungry.

You visited 1 branch of the dungeon, and saw 4 of its levels.

You collected 164 gold pieces.

Inventory:

Armour
 a - a +0 robe (worn)
 b - a +0 hat (worn)
Jewellery
 o - a +3 amulet of reflection (around neck)
Scrolls
 c - a scroll of remove curse {unknown}
 e - 4 scrolls of identify {unknown}
 j - a scroll of amnesia {unknown}
 l - a scroll of blinking {unknown}
 n - 2 scrolls of fog {unknown}
 q - a scroll of teleportation {unknown}
Potions
 f - 5 potions of curing {unknown}
 g - a potion of heal wounds {unknown}
 h - 2 potions of brilliance {unknown}
 i - a potion of flight {unknown}
 k - a potion of resistance {unknown}
 m - 2 potions of degeneration {unknown}
Comestibles
 d - 6 rations


   Skills:
 - Level 2.4 Dodging
 - Level 2.4 Stealth
 + Level 6.4 Spellcasting
 * Level 5.8 Conjurations
   Level 1.1 Summonings
   Level 1.1 Translocations


You had 13 spell levels left.
You knew the following spells:

 Your Spells              Type           Power        Failure   Level  Hunger
a - Magic Dart            Conj           ####         1%          1    None
b - Conjure Flame         Conj/Fire      ###.....     6%          3    None


Dungeon Overview and Level Annotations

Branches:
Dungeon (4/15)
 Temple: D:4-7

Altars:
Okawaru
Sif Muna
Uskayaw
Xom
Yredelemnul

Annotations:
D:4 Sassnad's ghost, novice FoFi


Message History

Casting: Magic Dart (safe; 1% risk of failure)
Confirm with . or Enter, or press ? or * to list all spells.
Aiming: Magic Dart (safe; 1% risk of failure)
Press: ? - help, Shift-Dir - straight line, f/p - Sassnad's ghost
Aim: Sassnad's ghost (moderately damaged)
The magic dart hits Sassnad's ghost.
Sassnad's ghost is moderately damaged.
Sassnad's ghost hits you!!
Ouch! That really hurt!
* * * LOW HITPOINT WARNING * * *
Casting: Magic Dart (safe; 1% risk of failure)
Confirm with . or Enter, or press ? or * to list all spells.
Aiming: Magic Dart (safe; 1% risk of failure)
Press: ? - help, Shift-Dir - straight line, f/p - Sassnad's ghost
Aim: Sassnad's ghost (moderately damaged)
The magic dart hits Sassnad's ghost.
Sassnad's ghost is moderately damaged.
Sassnad's ghost closely misses you. Sassnad's ghost hits you!
You die...

+..................#8.
#.....##......##...###
#.....##......##......
#......#......#.......
#......#......#.......
#.....##......#....##
#.....##......'.....#
...... #.W....##....#
#.@.....# ####
#####...# #####


You could see Sassnad's ghost.

Vanquished Creatures
  The ghost of floatboth the Digger, an amateur HuEE (D:3)
  2 orc wizards (D:3)
  7 adders
  An ooze (D:1)
  3 worms
  A dart slug (D:1)
  3 leopard geckos
  6 orcs (D:3)
  2 ball pythons
  5 giant cockroaches
  6 goblins
  6 hobgoblins
  6 jackals
  2 kobolds
  3 quokkas
  13 bats
  7 frilled lizards
  8 rats
82 creatures vanquished.

Notes
Turn   | Place    | Note
-------+----------+-------------------------------------------
     0 | D:1      | Laan the Deep Elf Wizard began the quest for the Orb.
     0 | D:1      | Reached XP level 1. HP: 10/10 MP: 7/7
   351 | D:1      | Reached XP level 2. HP: 15/15 MP: 6/9
   744 | D:1      | Reached XP level 3. HP: 19/19 MP: 7/11
  1177 | D:2      | Reached skill level 5 in Spellcasting
  1561 | D:2      | Found a hide-covered altar of Uskayaw.
  1698 | D:2      | Reached XP level 4. HP: 24/24 MP: 9/13
  2497 | D:2      | Found an iron altar of Okawaru.
  2497 | D:2      | Found a basalt altar of Yredelemnul.
  3044 | D:3      | Reached XP level 5. HP: 28/28 MP: 10/15
  3363 | D:3      | Found a shimmering altar of Xom.
  3419 | D:3      | Found a deep blue altar of Sif Muna.
  3438 | D:3      | Reached skill level 6 in Spellcasting
  3438 | D:3      | Reached skill level 5 in Conjurations
  3700 | D:3      | Noticed floatboth's ghost (amateur HuEE)
  3709 | D:3      | Killed floatboth's ghost
  3709 | D:3      | Reached XP level 6. HP: 19/32 MP: 7/17
  4033 | D:4      | Learned a level 3 spell: Conjure Flame
  4054 | D:4      | Noticed Sassnad's ghost (novice FoFi)
  4077 | D:4      | Slain by Sassnad's ghost

Vault maps used:
D:1:      matt_arrival_los_fun, item_on_display_a
D:2:      lemuel_crystal_altar, amethyst_overflow_temple_binary, st_stairs_6
D:3:      led_sif_book, marbit_many_paths, grunt_decor_mini_mirrors
D:4:      gammafunk_steamed_eel, gammafunk_temple_overflow_forgotten,
          cheibriados_altar_1, uniq_menkaure

Skill      XL: |  1  2  3  4  5 |
---------------+----------------+-----
Conjurations   | 2 3 4 5 |  5.8
Spellcasting   | 5 6 |  6.4
Dodging        | |  2.4
Stealth        | |  2.4
Summonings     | |  1.1
Translocations | |  1.1

Action                   |  1- 3 |  4- 6 || total
-------------------------+-------+-------++-------
 Cast: Magic Dart        |    89 |   110 ||   199
  Eat: Chunk             |     2 |     5 ||     7
       Ration            |       |     1 ||     1
Armor: Robe              |     4 |     3 ||     7
Dodge: Dodged            |    16 |     8 ||    24
Block: Other             |       |     4 ||     4
       Reflection        |       |     1 ||     1

Table legend:
 A = Spawn XP
 B = Non-spawn XP
 C = Spawn XP percentage of total XP
 D = Spawn monster count
 E = Non-spawn monster count
 F = Spawn count percentage of total count
 G = Total turns spent on level
                    A         B        C        D         E        F      G
               +---------+---------+-------+---------+---------+-------+---------
         Total |       0 |     478 |   0.0 |       0 |      82 |   0.0 |  4077
               +---------+---------+-------+---------+---------+-------+---------
           D:1 |       0 |      48 |   0.0 |       0 |      26 |   0.0 |  1465
           D:2 |       0 |      82 |   0.0 |       0 |      29 |   0.0 |  1069
           D:3 |       0 |     346 |   0.0 |       0 |      26 |   0.0 |  1494
           D:4 |       0 |       2 |   0.0 |       0 |       1 |   0.0 |    49
               +---------+---------+-------+---------+---------+-------+---------
